Map: Lerilak Crest

Players

Harstem

  • Race: Protoss Protoss
  • League: Grandmaster

SortOf - Winner!

  • Race: Zerg Zerg
  • League: Grandmaster

Event: 2016 WCS Winter Challenger Europe

VOD

https://www.youtube.com/watch?v=PeWVuaCKBfk

Description

Time

  • Played on: Feb. 13, 2016, 11:40 a.m.
  • Length: 16:21

All games in this series

Show
View Real Time Build Order
Export as new Build Order

Harstem Protoss 

Build Orders: 1 Gate Expand, Phoenix Opening 

Get SALT Encoding   

  12  0:01  Probe (Chrono Boost)  
  13  0:12  Probe (Chrono Boost)  
  14  0:17  Pylon  
  14  0:22  Probe (Chrono Boost)  
  15  0:35  Probe (Chrono Boost)  
  16  0:38  Gateway  
  16  0:46  Probe (Chrono Boost)  
  16  0:49  Assimilator  
  17  0:56  Probe (Chrono Boost)  
  18  1:07  Probe (Chrono Boost)  
  19  1:24  Nexus  
  19  1:32  Cybernetics Core  
  19  1:36  Probe (Chrono Boost)  
  20  1:41  Assimilator  
  21  1:47  Probe (Chrono Boost)  
  21  1:52  Pylon  
  21  1:57  Probe (Chrono Boost)  
  22  2:04  Warp Gate (Chrono Boost)  
  22  2:08  Probe (Chrono Boost)  
  23  2:11  Adept (Chrono Boost)  
  25  2:20  Probe (Chrono Boost)  
  26  2:31  Stargate  
  26  2:32  Probe (Chrono Boost)  
  26  2:34  Adept (Chrono Boost)  
  26  2:36  Probe (Chrono Boost)  
  30  2:41  Probe (Chrono Boost)  
  31  2:47  Probe  
  31  2:49  Pylon  
  32  2:52  Probe  
  32  2:57  Adept  
  33  3:01  Probe  
  36  3:09  Gateway  
  36  3:12  Probe  
  37  3:16  Phoenix (Chrono Boost)  
  40  3:24  Gateway  
  40  3:25  Probe (Chrono Boost)  
  40  3:28  Probe (Chrono Boost)  
  41  3:37  Mothership Core (Chrono Boost)  
  41  3:39  Phoenix (Chrono Boost)  
  45  3:46  Probe (Chrono Boost)  
  45  3:47  Pylon  
  46  3:54  Probe  
  46  3:57  Probe  
  50  4:02  Phoenix (Chrono Boost)  
  50  4:04  Probe  
  50  4:09  Probe  
  52  4:15  Probe  
  53  4:23  Nexus  
  55  4:24  Phoenix (Chrono Boost)  
  55  4:25  Probe  
  55  4:26  Probe  
  55  4:31  Pylon  
  57  4:36  Probe  
  58  4:41  Probe, Robotics Facility  
  59  4:47  Probe, Assimilator  
  59  4:52  Assimilator  
  60  4:57  Probe (Chrono Boost)  
  60  4:58  Probe (Chrono Boost)  
  62  5:04  Robotics Facility  
  62  5:05  Pylon  
  62  5:07  Forge  
  62  5:08  Probe (Chrono Boost)  
  62  5:09  Probe (Chrono Boost)  
  62  5:12  Sentry  
  66  5:18  Zealot  
  66  5:19  Probe (Chrono Boost)  
  66  5:20  Probe (Chrono Boost)  
  70  5:21  Pylon  
  70  5:28  Immortal (Chrono Boost)  
  74  5:33  Pylon  
  74  5:34  Sentry  
  76  5:41  Photon Cannon  
  76  5:43  Photon Cannon  
  76  5:44  Sentry  
  78  5:51  Immortal (Chrono Boost)  
  82  5:57  Sentry, Zealot  
  82  6:03  Photon Cannon  
  84  6:13  Zealot  
  84  6:17  Pylon  
  82  6:20  Pylon  
  82  6:24  Mothership Core  
  81  6:27  Immortal (Chrono Boost)  
  81  6:29  Immortal (Chrono Boost)  
  81  6:32  Zealot  
  83  6:42  Zealot x2  
  83  6:46  Probe x2  
  81  6:50  Phoenix  
  81  6:51  Probe  
  82  6:57  Zealot  
  82  6:58  Probe  
  82  7:00  Pylon  
  81  7:03  Zealot x2  
  85  7:09  Probe  
  85  7:12  Probe  
  86  7:25  Sentry, Zealot x2  
  86  7:27  Probe  
  86  7:29  Probe x2  
  93  7:36  Protoss Ground Weapons Level 1 (Chrono Boost)  
  94  7:39  Probe  
  94  7:40  Probe  
  94  7:41  Probe  
  101  7:52  Pylon  
  101  7:53  Probe  
  101  7:55  Pylon  
  101  7:56  Probe, Pylon  
  99  7:59  Probe  
  100  8:07  Pylon, Gateway  
  100  8:08  Probe  
  100  8:09  Immortal (Chrono Boost)  
  105  8:14  Pylon, Phoenix  
  105  8:18  Immortal (Chrono Boost)  
  111  8:23  Sentry  
  111  8:24  Photon Cannon, Zealot  
  115  8:28  Gateway  
  115  8:30  Gateway  
  112  8:43  Sentry  
  112  8:46  Immortal (Chrono Boost)  
  116  8:51  Zealot x2  
  114  8:58  Probe, Immortal (Chrono Boost)  
  114  9:00  Probe, Pylon  
  120  9:05  Pylon x2  
  120  9:08  Pylon  
  120  9:12  Pylon  
  120  9:15  Twilight Council  
  120  9:23  Pylon, Sentry, Stalker, Zealot x2  
  128  9:25  Photon Cannon  
  128  9:27  Immortal (Chrono Boost)  
  133  9:39  Immortal (Chrono Boost)  
  127  9:46  Stalker  
  127  9:47  Stalker x2  
  133  9:53  Probe  
  133  9:57  Pylon, Gateway  
  134  10:05  Photon Cannon  
  134  10:06  Zealot x2  
  138  10:08  Assimilator  
  138  10:12  Assimilator  
  138  10:13  Stalker x2  
  138  10:14  Stalker  
  133  10:21  Protoss Ground Weapons Level 2 (Chrono Boost)  
  133  10:24  Zealot  
  133  10:28  Blink (Chrono Boost)  
  133  10:30  Zealot  
  129  10:39  Zealot x3  
  129  10:40  Immortal (Chrono Boost)  
  137  10:48  Probe  
  136  10:50  Gateway  
  136  10:52  Zealot x2  
  136  10:53  Pylon, Immortal (Chrono Boost)  
  136  10:56  Gateway  
  144  11:07  Gateway  
  144  11:08  Pylon  
  144  11:09  Zealot  
  144  11:11  Pylon  
  144  11:15  Gateway  
  144  11:21  Sentry, Zealot x4  
  144  11:25  Probe  
  155  11:26  Probe  
  155  11:29  Pylon  
  155  11:30  Dark Shrine  
  155  11:31  Pylon  
  156  11:33  Sentry, Gateway  
  158  11:44  Warp Prism (Chrono Boost)  
  158  11:45  Observer (Chrono Boost)  
  161  11:47  Zealot x2  
  161  11:53  Zealot x2  
  165  11:56  Pylon  
  165  12:01  Zealot  
  165  12:07  Stalker x2  
  171  12:12  Pylon  
  171  12:18  Stalker  
  173  12:34  Stalker x3  
  179  12:39  Sentry  
  178  12:46  Dark Templar x2  
  178  12:50  Dark Templar  
  180  12:57  Pylon  
  178  13:24  Probe  
  179  13:37  Nexus  
  179  13:39  Immortal x2  
  185  13:42  Stalker  
  187  13:49  Pylon  
  187  14:07  Gateway  
  187  14:09  Pylon, Sentry  
  189  14:22  Charge (Chrono Boost)  
  189  14:35  Dark Templar x4  
  197  14:47  Archon  
  197  14:48  Archon  
  197  14:56  Photon Cannon x2  
  197  15:05  Observer  
  197  15:06  Observer  
  199  15:15  Templar Archives  
  199  15:23  Nexus  
  199  15:27  Pylon, Observer  
  200  16:03  Zealot x2  
  200  16:04  Zealot x2  
  190  16:05  Zealot x3  
Show
View Real Time Build Order
Export as new Build Order

SortOf Zerg - Winner!

Build Orders: Hatch First, Lurkers 

Get SALT Encoding   

  12  0:02  Drone  
  13  0:12  Overlord  
  13  0:17  Drone  
  14  0:30  Drone x2  
  14  0:34  Drone  
  17  0:45  Drone  
  18  0:55  Hatchery  
  17  0:58  Drone  
  17  1:02  Extractor  
  17  1:06  Drone  
  18  1:17  Spawning Pool  
  17  1:19  Drone  
  18  1:28  Drone  
  19  1:42  Overlord  
  19  1:52  Drone  
  20  2:01  Drone  
  20  2:03  Metabolic Boost  
  20  2:08  Zergling x2, Queen  
  23  2:14  Drone  
  25  2:19  Drone  
  25  2:21  Hatchery  
  25  2:25  Zergling x2  
  26  2:34  Zergling x2  
  26  2:35  Zergling x2  
  28  2:38  Queen  
  28  2:40  Drone  
  28  2:43  Drone  
  32  2:50  Queen  
  34  2:55  Overlord  
  34  2:58  Drone  
  35  3:01  Drone  
  36  3:11  Overlord  
  36  3:15  Drone x3  
  36  3:18  Drone x2  
  41  3:22  Overlord  
  41  3:26  Drone  
  42  3:28  Queen  
  44  3:34  Drone  
  44  3:35  Drone  
  46  3:42  Drone  
  46  3:46  Queen  
  49  3:49  Drone x4  
  49  3:52  Overlord  
  53  3:56  Extractor x2  
  53  3:58  Drone x2  
  53  4:05  Drone  
  53  4:08  Drone x3  
  53  4:09  Drone  
  58  4:11  Queen  
  60  4:17  Roach Warren  
  60  4:19  Spore Crawler  
  60  4:22  Spore Crawler  
  55  4:27  Drone x3  
  58  4:38  Queen  
  60  4:40  Overlord  
  60  4:42  Overlord  
  60  4:44  Overlord  
  59  4:49  Overlord  
  59  4:51  Overlord  
  59  4:57  Overlord  
  59  5:05  Roach x4  
  59  5:06  Roach  
  69  5:08  Roach  
  69  5:12  Roach  
  69  5:13  Roach  
  75  5:17  Roach  
  75  5:18  Roach  
  75  5:21  Zergling x4  
  80  5:24  Zergling x2  
  80  5:25  Zergling x2  
  80  5:28  Ravager  
  80  5:29  Ravager x5  
  80  5:31  Zergling x2  
  80  5:32  Zergling x2  
  88  5:36  Zergling x6  
  92  5:42  Ravager  
  92  5:44  Zergling x8  
  96  5:51  Overlord  
  96  5:53  Zergling x2  
  97  6:03  Overlord  
  96  6:09  Queen  
  95  6:16  Zergling x2  
  82  6:19  Zergling x4  
  82  6:20  Zergling x20  
  86  6:25  Ravager  
  86  6:26  Ravager  
  76  6:37  Zergling x2  
  76  6:38  Zergling x4  
  77  6:43  Zergling x4  
  77  6:45  Queen  
  72  6:59  Zergling x2, Roach x2  
  69  7:03  Queen x2  
  69  7:05  Roach x4  
  76  7:13  Drone  
  76  7:15  Drone x2  
  75  7:20  Queen  
  75  7:27  Ravager x4  
  75  7:28  Ravager x2  
  79  7:31  Roach x3  
  79  7:36  Zergling x4  
  79  7:37  Zergling x4  
  86  7:38  Queen x2  
  91  7:45  Zergling x4  
  90  7:51  Overlord  
  90  7:56  Queen  
  91  7:59  Ravager x3  
  91  8:00  Zergling x8  
  91  8:05  Overlord  
  98  8:10  Overlord  
  98  8:12  Zergling x2  
  99  8:13  Zergling x8  
  99  8:14  Queen  
  105  8:21  Zergling x2  
  105  8:22  Overlord  
  105  8:26  Zergling x10  
  110  8:35  Zergling x2, Roach  
  110  8:36  Zergling x4, Roach x3  
  117  8:43  Zergling x2  
  109  8:50  Zergling x2, Roach  
  107  8:55  Queen  
  107  8:56  Queen  
  107  8:57  Zergling x2  
  112  9:04  Queen  
  112  9:07  Ravager x4  
  112  9:09  Zergling x4, Roach x2  
  124  9:12  Zergling x2  
  124  9:16  Zergling x4  
  127  9:17  Zergling x2  
  127  9:18  Zergling x2  
  127  9:23  Zergling x2  
  127  9:24  Zergling x6  
  128  9:37  Zergling x4, Roach  
  128  9:38  Zergling x2  
  121  9:47  Zergling x2, Roach x2  
  125  9:54  Ravager x3  
  125  9:55  Overlord, Queen  
  130  10:05  Queen  
  127  10:13  Zergling x2  
  120  10:15  Zergling x2  
  120  10:16  Zergling x6  
  120  10:18  Ravager x3  
  115  10:26  Zergling x10  
  116  10:35  Queen x2  
  110  10:36  Zergling x2  
  110  10:37  Zergling x6, Roach x4  
  119  10:43  Zergling x4  
  121  10:54  Overlord  
  121  10:55  Overlord  
  121  11:00  Pneumatized Carapace  
  121  11:01  Evolution Chamber  
  113  11:20  Lair, Extractor  
  113  11:21  Zergling x10  
  113  11:22  Zergling x16  
  113  11:24  Ravager x4  
  128  11:44  Zergling x10  
  128  11:45  Zergling x2  
  134  11:53  Zerg Missile Weapons Level 1  
  133  11:57  Drone x4  
  137  12:04  Hatchery  
  136  12:11  Extractor, Queen  
  136  12:14  Overlord x2  
  136  12:15  Extractor  
  136  12:20  Hydralisk Den  
  135  12:22  Overseer  
  133  12:54  Lurker Den  
  133  13:00  Spine Crawler  
  133  13:05  Hydralisk x12  
  153  13:18  Overlord  
  153  13:19  Hydralisk x2  
  157  13:20  Drone x3  
  160  13:29  Spine Crawler x2  
  160  13:32  Spore Crawler  
  156  13:35  Overseer x2  
  147  13:43  Drone x2  
  147  13:44  Drone x2  
  147  13:47  Overseer  
  151  13:55  Drone x4  
  155  14:05  Drone x2  
  155  14:06  Drone x2  
  159  14:21  Lurker x5  
  159  14:23  Lurker  
  164  14:28  Lurker x2  
  166  14:37  Overlord x2  
  166  14:39  Lurker x2  
  166  14:51  Lurker  
  166  14:52  Overlord, Lurker x3  
  167  14:59  Hydralisk x3  
  173  15:06  Hydralisk x2  
  169  15:28  Hydralisk x6  
  169  15:30  Drone  
  182  15:40  Hydralisk  
  184  15:43  Hydralisk x2  
  184  15:45  Drone  
Tags
 
Add a new tag
Caveats
  • Supply blocks, unpowered buildings, or Contaminate may cause inaccurate times.
  • Supply counts are checked every 10 seconds.